 Dungeon Crawl Stone Soup version 0.24.1-1-gd1d2a07e1b (webtiles) character file.

Game seed: 15437563043161871755, levelgen mode: deterministic

9325 vaporguy the Cleaver (level 11, 0/97 HPs)
             Began as a Hill Orc Fighter on Apr 11, 2020.
             Was an Elder of Makhleb.
             Slain by a six-headed hydra (6 damage)
             ... on level 10 of the Dungeon.
             The game lasted 01:19:50 (13607 turns).

vaporguy the Cleaver (Hill Orc Fighter)            Turns: 13607, Time: 01:19:50

Health: 0/97       AC: 20    Str: 23    XL:     11   Next: 44%
Magic:  16/16      EV:  8    Int:  8    God:    Makhleb [****..]
Gold:   282        SH:  0    Dex: 15    Spells: 10/10 levels left

rFire    . . .     SeeInvis .   s - +5 dire flail (holy)
rCold    . . .     Gourm    .   (shield currently unavailable)
rNeg     + . .     Faith    .   O - +2 plate armour {MR+}
rPois    .         Spirit   .   y - +0 helmet
rElec    .         Reflect  .   (no cloak)
rCorr    .         Harm     +   l - +0 pair of gloves
MR       +....                  w - +0 pair of boots
Stlth    ..........             t - amulet of harm
HPRegen  0.26/turn              Q - ring of positive energy
MPRegen  0.15/turn              K - +5 ring of dexterity

@: about to teleport
A: no striking features
a: Minor Destruction, Lesser Servant of Makhleb, Major Destruction, Renounce
Religion


You were on level 10 of the Dungeon.
You worshipped Makhleb.
Makhleb was greatly pleased with you.
You were not hungry.

You visited 3 branches of the dungeon, and saw 12 of its levels.

You collected 489 gold pieces.
You spent 207 gold pieces at shops.

Inventory:

Hand Weapons
 a - a +1 war axe
 s - a +5 dire flail of holy wrath (weapon)
Missiles
 k - 323 stones (quivered)
 r - 32 poisoned darts
 C - 4 throwing nets
Armour
 c - a +0 shield
 l - a +0 pair of gloves (worn)
 w - a +0 pair of boots (worn)
 y - a +0 helmet (worn)
 O - a +2 plate armour of magic resistance (worn)
Jewellery
 b - a cursed amulet of inaccuracy {unknown}
 t - an amulet of harm (around neck)
 E - an uncursed ring of wizardry
 G - an uncursed amulet of the acrobat
 K - a +5 ring of dexterity (right hand)
 Q - a ring of positive energy (left hand)
Wands
 o - a wand of iceblast (29)
 x - a wand of scattershot (5)
 A - a wand of disintegration (17)
Scrolls
 h - 10 scrolls of remove curse
 i - 2 scrolls of immolation
 j - a scroll of teleportation
 m - a scroll of random uselessness {unknown}
 p - a scroll of fear
 u - 2 scrolls of enchant armour {unknown}
 v - a scroll of blinking {unknown}
 F - a scroll of magic mapping {unknown}
 H - 2 scrolls of torment
 M - a scroll of acquirement {unknown}
 R - a scroll of amnesia {unknown}
Potions
 d - a potion of mutation {unknown}
 e - a potion of flight
 g - 2 potions of ambrosia
 n - 3 potions of cancellation
 q - 5 potions of brilliance
 D - a potion of invisibility
 I - a potion of agility
 J - 2 potions of lignification
 L - a potion of curing {unknown}
 P - a potion of haste {unknown}
Comestibles
 f - 15 rations


   Skills:
 + Level 9.6 Fighting
 + Level 11.0 Axes
 - Level 1.9 Throwing
 + Level 9.2 Armour
 - Level 1.4 Dodging
 - Level 0.4 Stealth
 + Level 9.6 Shields
 + Level 6.9 Invocations
 - Level 4.0 Evocations


You had 10 spell levels left.
You didn't know any spells.
Your spell library contained the following spells:

 Spells                   Type           Power        Failure   Level  Hunger
 Confusing Touch          Hex            #.....       99%         1    ##.....
 Summon Small Mammal      Summ           #...         99%         1    ##.....
 Call Imp                 Summ           #.......     100%        2    ###....
 Call Canine Familiar     Summ           #.......     100%        3    ####...
 Confuse                  Hex            #.......     100%        3    ####...
 Gell's Gravitas          Tloc           #.........   100%        3    ####...
 Summon Guardian Golem    Hex/Summ       #.......     100%        3    ####...
 Petrify                  Tmut/Erth      #.......     100%        4    #####..
 Summon Ice Beast         Ice/Summ       #.......     100%        4    #####..
 Summon Lightning Spire   Summ/Air       #.......     100%        4    #####..
 Metabolic Englaciation   Hex/Ice        #.........   100%        5    ######.
 Yara's Violent Unravell  Hex/Tmut       #.........   100%        5    ######.


Dungeon Overview and Level Annotations

Branches:
Dungeon (10/15)            Temple (1/1) D:4            Lair (1/6) D:10
    Orc: D:9-12

Altars:
Ashenzari
Cheibriados
Dithmenos
Elyvilon
Fedhas
Gozag
Hepliaklqana
Kikubaaqudgha
Makhleb
Nemelex Xobeh
Okawaru
Qazlal
Ru
Sif Muna
Trog
Uskayaw
Vehumet
Wu Jian
Xom
Yredelemnul
Zin
The Shining One

Shops:
D:4 *   D:6 [

Annotations:
D:4 1 runed translucent door, Crazy Yiuf


Message History

The six-headed hydra bites you.
* * * LOW HITPOINT WARNING * * *
You climb upwards.
Welcome back to the Dungeon!
There is a staircase to the Lair, spattered with blood here.
Your plate armour prevents you from hitting the six-headed hydra.
The six-headed hydra is moderately wounded.
The six-headed hydra bites you!
* * * LOW HITPOINT WARNING * * *
The six-headed hydra barely misses you.
The six-headed hydra bites you but does no damage.
The six-headed hydra bites you.
* * * LOW HITPOINT WARNING * * *
The six-headed hydra bites you but does no damage.
The six-headed hydra bites you.
* * * LOW HITPOINT WARNING * * *
Okay, then.
Unknown command.
As you read the scroll of teleportation, it crumbles to dust.
You feel strangely unstable. The six-headed hydra bites you.
You die...

#........<.###...>...............
...........#.............###..###
############.#............#[[..##
#...#######...#..[.##.#.
#..#...≈...#..##.#.##... #####
#....#...#....##.#######
....######...##...##...##..######
...........#!..PPPP..#...........
....######.#≈..D@PP.≈#..##.######
##### #..#..PPPP...#..##.#
#....##PP.##.....#.##
#.....#...#....#.#..#
#...#...≈...#..#.##.#
#....#######........## ######
#....##...# #######...# #...#


You could see a six-headed hydra.

Vanquished Creatures
  Harold (D:10)
  Erica (D:9)
  An oklob plant (D:10)
  A black mamba (D:10)
  A troll (D:10)
  A hornet (D:8)
  3 blink frogs (Lair:1)
  3 yaks (D:10)
  Eustachio (D:6)
  A basilisk (Lair:1)
  Edmund (D:6)
  2 soldier ants (D:8)
  Duvessa (D:3)
  6 orc warriors
  A porcupine (Lair:1)
  4 black bears
  An ice beast (D:7)
  4 ogres
  A necrophage (D:10)
  2 centaurs
  2 big kobolds
  13 bullfrogs
  Dowan (D:3)
  3 scorpions
  A vampire bat (D:4)
  A howler monkey (D:5)
  2 crimson imps (D:5)
  7 hounds
  5 orc priests
  2 jellies
  8 orc wizards
  A centaur skeleton (D:8)
  2 iguanas
  10 worker ants
  3 hound zombies
  2 hound skeletons
  A howler monkey skeleton (D:8)
  16 gnolls
  12 adders
  A shadow imp (D:9)
  An ooze (D:2)
  3 adder skeletons
  4 worms
  2 dart slugs (D:1)
  3 fire bats (D:4)
  8 leopard geckos
  39 orcs
  2 spectral bats (D:4)
  3 bat skeletons (D:4)
  A bat zombie (D:4)
  5 giant cockroaches
  7 goblins
  5 hobgoblins
  5 jackals
  23 kobolds
  3 quokkas
  2 ball pythons
  12 bats
  A bat simulacrum (D:4)
  4 frilled lizards
  A jackal skeleton (D:5)
  2 quokka skeletons
  A quokka zombie (D:5)
  4 rats
  2 plants (D:10)
273 creatures vanquished.

Vanquished Creatures (collateral kills)
  Erolcha (D:9)
  A gnoll sergeant (D:9)
  A jelly (D:9)
  2 orc wizards (D:9)
  2 gnolls (D:9)
  An adder zombie (D:9)
  4 orcs (D:9)
12 creatures vanquished.

Grand Total: 285 creatures vanquished

Notes
Turn   | Place    | Note
-------+----------+-------------------------------------------
     0 | D:1      | vaporguy the Hill Orc Fighter began the quest for the Orb.
     0 | D:1      | Reached XP level 1. HP: 19/19 MP: 1/1
   276 | D:1      | Reached skill level 3 in Axes
   312 | D:1      | Reached XP level 2. HP: 25/27 MP: 2/2
   793 | D:1      | Reached XP level 3. HP: 33/33 MP: 3/3
  1134 | D:1      | Reached XP level 4. HP: 40/40 MP: 4/4
  1136 | D:1      | Reached skill level 4 in Axes
  1196 | D:2      | Reached skill level 1 in Throwing
  1405 | D:2      | Found a shadowy altar of Dithmenos.
  1409 | D:2      | Found a sparkling altar of Nemelex Xobeh.
  1412 | D:2      | Found a glowing golden altar of the Shining One.
  2074 | D:3      | Reached XP level 5. HP: 44/46 MP: 5/5
  2095 | D:3      | Found a shimmering altar of Xom.
  2128 | D:3      | Found a shimmering blue altar of Sif Muna.
  2160 | D:3      | Found a shattered altar of Ashenzari.
  2671 | D:3      | Found a hide-covered altar of Uskayaw.
  2738 | D:3      | Found a hazy altar of Hepliaklqana.
  3058 | D:4      | Reached skill level 5 in Axes
  3166 | D:4      | Noticed Duvessa
  3196 | D:4      | Noticed Dowan
  3363 | D:3      | Killed Duvessa
  3363 | D:3      | Reached skill level 1 in Dodging
  3363 | D:3      | Reached XP level 6. HP: 17/52 MP: 6/6
  3368 | D:3      | Killed Dowan
  3987 | D:3      | Reached XP level 7. HP: 58/60 MP: 7/7
  4184 | D:4      | Found an iron altar of Okawaru.
  4205 | D:4      | Reached skill level 6 in Axes
  4252 | D:4      | Found Kuklokh's General Store.
  4288 | D:4      | Reached skill level 5 in Shields
  4735 | D:4      | Found a runed translucent door.
  4736 | D:4      | Noticed Crazy Yiuf
  4756 | D:4      | Found a staircase to the Ecumenical Temple.
  5283 | Temple   | Entered the Ecumenical Temple
  5542 | Temple   | Became a worshipper of Makhleb the Destroyer
  5741 | D:5      | Entered Level 5 of the Dungeon
  5834 | D:5      | Reached skill level 5 in Armour
  5873 | D:5      | Reached skill level 1 in Evocations
  5888 | D:5      | Reached XP level 8. HP: 62/67 MP: 8/8
  6049 | D:5      | Found an ornate altar of the Wu Jian Council.
  6121 | D:5      | Reached skill level 5 in Fighting
  6460 | D:5      | Reached * piety under Makhleb
  6471 | D:5      | Reached skill level 7 in Axes
  6499 | D:5      | Found a bloodstained altar of Trog.
  7048 | D:6      | Noticed Edmund
  7074 | D:6      | Killed Edmund
  7434 | D:6      | Found Fytilugo's Antique Armour Emporium.
  7486 | D:6      | Noticed Eustachio
  7529 | D:6      | Killed Eustachio
  7529 | D:6      | Reached XP level 9. HP: 67/75 MP: 11/11
  8129 | D:6      | Bought a steaming scale mail for 207 gold pieces
  8140 | D:6      | Identified the +4 scale mail of Terror {rC+} (You bought it
                  | in a shop on level 6 of the Dungeon)
  8261 | D:7      | Reached skill level 8 in Axes
  8366 | D:7      | Reached ** piety under Makhleb
  9641 | D:8      | Reached skill level 1 in Invocations
  9680 | D:8      | Reached skill level 9 in Axes
 10084 | D:8      | Reached XP level 10. HP: 86/86 MP: 13/13
 10573 | D:8      | Found a shadowy altar of Dithmenos.
 10622 | D:8      | Reached *** piety under Makhleb
 11433 | D:9      | Found a blossoming altar of Fedhas.
 11493 | D:9      | Noticed Erolcha
 11499 | D:9      | Killed Erolcha
 11615 | D:9      | Noticed Erica
 11644 | D:9      | Killed Erica
 11644 | D:9      | Reached skill level 10 in Axes
 11644 | D:9      | Reached skill level 5 in Invocations
 11799 | D:10     | Entered Level 10 of the Dungeon
 11799 | D:10     | Noticed Harold
 11831 | D:10     | Killed Harold
 11831 | D:10     | Reached XP level 11. HP: 80/95 MP: 13/15
 11960 | D:10     | Reached **** piety under Makhleb
 12171 | D:10     | Found a staircase to the Lair.
 12173 | D:10     | Noticed an oklob plant
 12189 | D:10     | Killed an oklob plant
 12332 | D:9      | Found a radiant altar of Vehumet.
 12817 | Lair:1   | Entered Level 1 of the Lair of Beasts
 12890 | Lair:1   | Reached skill level 11 in Axes
 12926 | Lair:1   | Noticed a six-headed hydra
 12980 | D:10     | HP: 4/97 [poisoned by a black mamba]
 12985 | D:10     | HP: 4/97 [poisoned by a black mamba]
 12990 | D:10     | HP: 3/97 [poisoned by a black mamba]
 12998 | D:10     | HP: 3/97 [poisoned by a black mamba]
 13607 | D:10     | Slain by a six-headed hydra

Levels and vault maps discovered:
D:1:      saegor_arrival_simple_a, layout_rooms, st_stairs_11
D:2:      layout_rooms, grunt_temple_overflow_diamond
D:3:      layout_basic, lemuel_crystal_altar, lemuel_doored_altar,
          chequers_temple_overflow_statue_of_worship, lemuel_round_altar,
          first_ration
D:4:      layout_loops_ring, okawaru_trees_1, minmay_temple_entry_antechambers,
          serial_shops, nicolae_shop_behind_doors, minmay_misc_feat_roman,
          hex_medium, goddamned_bats, uniq_crazy_yiuf_cottage, uniq_duvessa
D:5:      layout_basic, kennysheep_mini_moat, kennysheep_little_box,
          minivault_26, minmay_holes, nrook_campfire
D:6:      layout_basic, serial_shops, shop, serial_rivers,
          chequers_serial_rivers_small_3, chequers_serial_rivers_micro_d,
          chequers_serial_rivers_micro_e, chequers_serial_rivers_micro_a,
          chequers_serial_rivers_micro_c, uniq_edmund, uniq_eustachio
D:7:      layout_loops_ring
D:8:      layout_gridville, special_room [special_room_orc],
          hangedman_pestilent_swarm, minmay_statues_item,
          nicolae_dithmenos_through_a_glass_darkly
D:9:      layout_rooms, nicolae_overflow_hidden_temple, uniq_erica, uniq_erolcha
D:10:     layout_rooms, dpeg_oklobed_lair, uniq_harold
Temple:   jpeg_temple_island
Lair:1:   layout_chaotic_city, beast_lair_carwin_9, lemuel_fruit_tree

Skill      XL: |  1  2  3  4  5  6  7  8  9 10 11 |
---------------+----------------------------------+-----
Axes           | 3 4 5 6 7 9 10 11 | 11.0
Throwing       | 1 |  1.9
Shields        | 4 5 6 7 9 |  9.6
Armour         | 4 5 6 7 8 9 |  9.2
Fighting       | 4 6 7 8 9 |  9.6
Dodging        | 1 |  1.4
Evocations     | 1 3 4 |  4.0
Invocations    | 2 5 6 |  6.9
Stealth        | |  0.4

Action                   |  1- 3 |  4- 6 |  7- 9 | 10-12 || total
-------------------------+-------+-------+-------+-------++-------
Melee: War axe           |    95 |   187 |   523 |   334 ||  1139
       Dire flail        |       |       |       |     5 ||     5
Throw: Stone             |     6 |    31 |    48 |    22 ||   107
       Dart              |       |     1 |    20 |    17 ||    38
Invok: Lesser Servant of |       |       |       |     2 ||     2
       Major Destruction |       |       |       |     2 ||     2
       Minor Destruction |       |       |       |     1 ||     1
  Use: Scroll            |     2 |     4 |     3 |     6 ||    15
       Potion            |       |     2 |       |       ||     2
 Stab: Distracted        |       |       |       |     1 ||     1
  Eat: Chunk             |     1 |     9 |    14 |    10 ||    34
       Ration            |       |       |     2 |     1 ||     3
Armor: Scale mail        |    88 |    84 |   252 |    50 ||   474
       Plate armour      |       |       |    48 |   122 ||   170
Dodge: Dodged            |    43 |    52 |   223 |    84 ||   402
Block: Shield            |    76 |   109 |   344 |   177 ||   706
